 Dungeon Crawl Stone Soup version 0.29-a0-334-gb41bcbb86e (webtiles) character file.

Game seed: 9260630930049230084

30173 enile the Fighter (level 13, -8/124 HPs)
             Began as a Minotaur Fighter on Apr 15, 2022.
             Was a Believer of Qazlal.
             Mangled by an eight-headed hydra (12 damage)
             ... on level 5 of the Lair of Beasts.
             The game lasted 00:24:13 (18568 turns).

enile the Fighter (Minotaur Fighter)               Turns: 18568, Time: 00:24:13

Health: -8/124     AC: 19    Str: 28    XL:     13   Next: 19%
Magic:  12/18      EV:  9    Int:  5    God:    Qazlal [**....]
Gold:   1117       SH:  8    Dex: 13    Spells: 12/12 levels left

rFire   + . .      SeeInvis +   a - +0 war axe
rCold   + . .      Faith    .   Y - orb {mayhem}
rNeg    . . .      Spirit   .   J - +1 plate armour
rPois   .          Reflect  +   (helmet restricted)
rElec   .          Harm     .   u - +2 cloak
rCorr   .          Rampage  .   (no gloves)
Will    +....                   Z - +0 pair of boots "Igeefes" {Str+5}
Stlth   ..........              I - amulet of reflection
HPRegen 0.30/turn               m - ring "Nilum" {rC+ Slay+4}
MPRegen 0.16/turn               y - ring of protection from fire

@: no status effects
A: horns 2, retaliatory headbutt, hooves 1, see invisible, strong-willed 1
a: Renounce Religion, Upheaval


You were on level 5 of the Lair of Beasts.
You worshipped Qazlal.
Qazlal was pleased with you.
You visited 2 branches of the dungeon, and saw 17 of its levels.

You collected 1117 gold pieces.

Inventory:

Hand Weapons
 a - a +0 war axe (weapon)
 M - a +0 battleaxe
 P - a +2 shortbow of flaming
 Q - a +4 dagger of venom
 V - a +2 battleaxe of freezing
Missiles
 R - a curare-tipped dart
 T - 17 poisoned darts (quivered)
Armour
 b - a +0 scale mail
 c - a +0 buckler
 u - a +2 cloak (worn)
 J - a +1 plate armour (worn)
 S - the +2 animal skin "Voco Qih" {Str+4}
   (You took it off an orc on level 10 of the Dungeon)

   Str:       It affects your strength (+4).
 Y - an orb of mayhem (worn)
 Z - the +0 pair of boots "Igeefes" (worn) {Str+5}
   (You found it on level 2 of the Lair of Beasts)

   Str:       It affects your strength (+5).
Jewellery
 m - the ring "Nilum" (left hand) {rC+ Slay+4}
   (You acquired it on level 5 of the Dungeon)

   [ring of slaying]

   Slay:      It affects your accuracy & damage with ranged weapons and melee
   (+4).
   rC:        It protects you from cold.
 w - a ring of resist corrosion
 x - a ring of ice
 y - a ring of protection from fire (right hand)
 E - a ring of positive energy
 I - an amulet of reflection (around neck)
 N - an amulet of faith
 U - a +6 ring of dexterity
Wands
 o - a wand of acid (6)
 C - a wand of paralysis (6)
 O - a wand of iceblast (2)
 W - a wand of flame (6)
 X - a wand of polymorph (6)
Scrolls
 e - 4 scrolls of fog
 f - 6 scrolls of teleportation
 g - 2 scrolls of enchant weapon
 n - a scroll of identify
 q - 4 scrolls of magic mapping
 s - 3 scrolls of noise
 v - 2 scrolls of fear
 z - 3 scrolls of immolation
 B - 7 scrolls of blinking
 D - 2 scrolls of enchant armour
 F - 2 scrolls of amnesia
 G - a scroll of brand weapon
 H - 3 scrolls of summoning
Potions
 d - 3 potions of might
 h - 13 potions of curing
 i - 3 potions of mutation
 j - 2 potions of haste
 k - 5 potions of flight
 l - a potion of resistance
 p - 3 potions of invisibility
 r - 4 potions of attraction
 t - 7 potions of brilliance
 A - 3 potions of magic {unknown}
 K - 6 potions of heal wounds {unknown}
 L - 2 potions of lignification {unknown}


   Skills:
 - Level 14.0 Fighting
 - Level 7.3 Short Blades
 - Level 2.4 Axes
 - Level 8.0 Throwing
 - Level 9.0 Armour
 - Level 3.0 Dodging
 - Level 6.0 Shields
 - Level 8.0 Invocations
 + Level 11.2 Evocations


You had 12 spell levels left.
You didn't know any spells.
Your spell library contained the following spells:

 Spells                   Type           Power      Damage    Failure   Level
 Foxfire                  Conj/Fire      0%         2x1d4     99%         1
 Pain                     Necr           0%         1d4       99%         1
 Conjure Flame            Conj/Fire      0%         6-21      100%        3
 Inner Flame              Hex/Fire       0%         N/A       100%        3
 Flame Wave               Conj/Fire      0%         2d4       100%        4
 Passage of Golubria      Tloc           0%         N/A       100%        4
 Agony                    Necr           0%         N/A       100%        5
 Excruciating Wounds      Necr           0%         N/A       100%        5
 Silence                  Hex/Air        0%         N/A       100%        5
 Lehudib's Crystal Spear  Conj/Erth      0%         10d2      100%        8


Dungeon Overview and Level Annotations

Branches:
Dungeon (12/15)            Temple (0/1) D:7            Lair (5/6) D:11
  Swamp (0/4) Lair:3        Snake (0/4) Lair:3          Orc (0/2) D:10
  Slime: Lair:5-6

Altars:
Ashenzari
Cheibriados
Dithmenos
Fedhas
Makhleb
Qazlal
Ru
Sif Muna
Trog
Uskayaw
Vehumet
Wu Jian
Xom

Shops:
D:5 =   D:10 (

Portals:
Trove: D:11 (give +2 gold dragon scales)


Innate Abilities, Weirdness & Mutations

You have a pair of horns on your head.
You reflexively headbutt those who attack you in melee.
You have large cloven feet.
You have supernaturally acute eyesight. (SInv)
You are strong-willed. (Will+)


Message History

The cane toad is severely wounded.
The blast of rubble hits the seven-headed hydra!!
The seven-headed hydra is almost dead.
A nearby fungus withers and dies.
The cane toad stings you but does no damage.
Aiming: Upheaval
Press: ? - help, Dir - move target, f - cane toad, p - seven-headed hydra
Aim: a cane toad (severely wounded) Magma suddenly erupts from the ground!
The blast of magma engulfs the cane toad!!
You kill the cane toad!
Qazlal accepts your kill.
The seven-headed hydra flies into a frenzy!
The seven-headed hydra closely misses you.
The seven-headed hydra barely misses you. x2
The seven-headed hydra bites you but does no damage.
You block the seven-headed hydra's attack.
The seven-headed hydra bites you. x2
You hack one of the seven-headed hydra's heads off!
The six-headed hydra grows two more!
You slash the eight-headed hydra!
The eight-headed hydra is almost dead.
You block the eight-headed hydra's attack.
The eight-headed hydra bites you!
The eight-headed hydra closely misses you.
The eight-headed hydra bites you!!
You block the eight-headed hydra's attack.
The eight-headed hydra completely misses you.
You block the eight-headed hydra's attack.
The eight-headed hydra bites you.
The eight-headed hydra closely misses you.
The eight-headed hydra bites you.
* * * LOW HITPOINT WARNING * * *
The eight-headed hydra bites you.
* * * LOW HITPOINT WARNING * * *
The eight-headed hydra bites you!!
* * * LOW HITPOINT WARNING * * *
The eight-headed hydra bites you.
* * * LOW HITPOINT WARNING * * *
The eight-headed hydra misses you. The eight-headed hydra bites you!
You die...

#....##.............
.#...#.#............ ##
................... #..
#....##.........P.
#..###...#.##.........#
##.....................
#..........#.#.....#..#
##......P.##.#D§..P#.P.
#....>)......○@........
#............○........
#.................P...
#.....#####........P..
##.#.P.#.#.#..........P.#.
##..............................
#.....................P#.P......
##.....................P........
##....P.......P.#..............


You could see a neutral eight-headed hydra (fast, strong, insane).

Vanquished Creatures
  Snorg (Lair:4)
  2 hydras
  Erica (D:10)
  2 two-headed ogres
  Nergalle (D:10)
  Sonja (D:10)
  A manticore (D:7)
  7 slime creatures
  3 black mambas
  A gargoyle (D:10)
  6 cane toads
  A kobold demonologist (D:12)
  5 komodo dragons
  2 guardian mummies (D:11)
  A polar bear (Lair:4)
  4 trolls
  Prince Ribbit (D:5)
  4 blink frogs (Lair:5)
  3 wyverns
  51 yaks
  A steam dragon (D:8)
  6 vampire mosquitoes
  15 water moccasins
  A swamp drake (D:10)
  3 ice beasts
  5 orc warriors
  3 sky beasts (D:7)
  4 wolves (Lair:1)
  7 centaurs
  3 kobold brigands
  6 bullfrogs
  3 scorpions
  3 necrophages
  13 wights
  18 killer bees
  2 howler monkeys
  3 electric eels (Lair:3)
  3 jellies
  2 orc priests
  2 hounds
  Jessica (D:3)
  6 orc wizards
  10 hell rats
  A hound skeleton (D:8)
  Robin (D:3)
  7 adders
  4 gnolls (D:4)
  A shadow imp (D:6)
  A white imp (D:7)
  An ufetubus (D:7)
  3 worms
  39 orcs
  9 ball pythons
  An endoplasm (D:4)
  5 giant cockroaches
  11 goblins
  8 hobgoblins
  6 jackals (D:1)
  24 kobolds
  8 quokkas
  5 bats
  3 frilled lizards
  6 rats
362 creatures vanquished.

Vanquished Creatures (collateral kills)
  5 yaks
5 creatures vanquished.

Vanquished Creatures (others)
  A yak (Lair:4)
  2 fire vortices (Lair:3)
  13 fungi
  30 plants
46 creatures vanquished.

Grand Total: 413 creatures vanquished

Notes
Turn   | Place    | Note
-------+----------+-------------------------------------------
     0 | D:1      | enile the Minotaur Fighter began the quest for the Orb.
     0 | D:1      | Reached XP level 1. HP: 19/19 MP: 0/0
   115 | D:1      | Reached skill level 4 in Fighting
   127 | D:1      | Reached XP level 2. HP: 6/28 MP: 1/1
   703 | D:1      | Reached skill level 5 in Fighting
   704 | D:1      | Found a faded altar of an unknown god.
   715 | D:1      | Prayed at the altar of an unknown god.
   715 | D:1      | Became a worshipper of Qazlal Stormbringer
   715 | D:1      | Reached * piety under Qazlal
   843 | D:1      | Reached XP level 3. HP: 36/36 MP: 2/2
  1682 | D:3      | Reached XP level 4. HP: 42/42 MP: 3/3
  1714 | D:3      | Noticed Robin
  1716 | D:3      | Reached skill level 5 in Shields
  1721 | D:3      | Killed Robin
  1721 | D:3      | Reached ** piety under Qazlal
  1828 | D:3      | Noticed Jessica
  1837 | D:3      | Killed Jessica
  1944 | D:3      | Reached XP level 5. HP: 38/48 MP: 4/4
  2290 | D:3      | Found a sacrificial altar of Ru.
  2504 | D:4      | Reached skill level 5 in Armour
  2618 | D:4      | Reached XP level 6. HP: 55/56 MP: 5/5
  3033 | D:5      | Entered Level 5 of the Dungeon
  3059 | D:5      | Found Haopt's Jewellery Shoppe.
  3162 | D:5      | Reached *** piety under Qazlal
  3163 | D:5      | Reached skill level 1 in Invocations
  3437 | D:5      | Noticed Prince Ribbit
  3457 | D:5      | Killed Prince Ribbit
  3458 | D:5      | Reached XP level 7. HP: 61/61 MP: 6/8
  3633 | D:5      | Found a stormy altar of Qazlal.
  3644 | D:5      | Identified a scroll of acquirement
  3650 | D:5      | Acquired the ring "Nilum" {rC+ Slay+4}
  4082 | D:6      | Reached skill level 5 in Invocations
  4432 | D:7      | Reached XP level 8. HP: 57/68 MP: 10/10
  4565 | D:7      | Noticed a manticore
  4579 | D:7      | Killed a manticore
  4580 | D:7      | Reached skill level 7 in Fighting
  4705 | D:7      | Reached skill level 8 in Fighting
  4705 | D:7      | Reached skill level 1 in Evocations
  5085 | D:7      | Found a staircase to the Ecumenical Temple.
  5091 | D:7      | Reached XP level 9. HP: 72/81 MP: 11/11
  5220 | D:7      | Reached skill level 5 in Evocations
  5631 | D:8      | Noticed a troll
  5639 | D:8      | Killed a troll
  5933 | D:8      | Found a burning altar of Makhleb.
  6791 | D:8      | Found a shadowy altar of Dithmenos.
  7047 | D:9      | Found a bloodstained altar of Trog.
  7442 | D:9      | Reached XP level 10. HP: 73/88 MP: 10/14
  7705 | D:9      | Reached skill level 9 in Fighting
  7728 | D:9      | Reached skill level 10 in Fighting
  8007 | D:9      | Reached **** piety under Qazlal
  8255 | D:9      | Reached skill level 11 in Fighting
  8679 | D:10     | Entered Level 10 of the Dungeon
  8679 | D:10     | Found Widdix's Antique Weapon Shop.
  8928 | D:10     | Noticed a two-headed ogre
  8935 | D:10     | Killed a two-headed ogre
  8936 | D:10     | Reached XP level 11. HP: 102/102 MP: 16/16
  8944 | D:10     | Noticed Erica
  8951 | D:10     | Killed Erica
  9184 | D:10     | Reached skill level 12 in Fighting
  9517 | D:10     | Noticed Nergalle
  9534 | D:10     | Killed Nergalle
  9535 | D:10     | Reached skill level 13 in Fighting
  9859 | D:10     | Noticed Sonja
  9868 | D:10     | Killed Sonja
 10119 | D:10     | Found a staircase to the Orcish Mines.
 10120 | D:10     | Identified the +2 animal skin "Voco Qih" {Str+4}
 10281 | D:10     | Found a hide-covered altar of Uskayaw.
 10294 | D:10     | Reached skill level 1 in Short Blades
 10326 | D:10     | Found a shimmering blue altar of Sif Muna.
 10327 | D:10     | Found a snail-covered altar of Cheibriados.
 10329 | D:10     | Found an ornate altar of the Wu Jian Council.
 10329 | D:10     | Found a broken altar of Ashenzari.
 10330 | D:10     | Found a shimmering altar of Xom.
 10336 | D:10     | Found a radiant altar of Vehumet.
 10388 | D:10     | Found a blossoming altar of Fedhas.
 10588 | D:10     | Gained mutation: You have large cloven feet. [potion of
                  | mutation]
 10588 | D:10     | Gained mutation: You are strong-willed. (Will+) [potion of
                  | mutation]
 10588 | D:10     | Gained mutation: You have supernaturally acute eyesight.
                  | (SInv) [potion of mutation]
 10734 | D:11     | Reached skill level 14 in Fighting
 10915 | D:11     | Reached skill level 5 in Short Blades
 11146 | D:11     | Found a staircase to the Lair.
 11478 | D:11     | Noticed a two-headed ogre
 11486 | D:11     | Killed a two-headed ogre
 11656 | D:11     | Reached skill level 1 in Throwing
 11656 | D:11     | Reached XP level 12. HP: 117/117 MP: 7/17
 11661 | D:11     | Found a portal to a secret trove of treasure.
 12031 | D:12     | Noticed a four-headed hydra
 12110 | Lair:1   | Entered Level 1 of the Lair of Beasts
 12887 | Lair:1   | Reached skill level 5 in Throwing
 13528 | Lair:1   | Noticed a four-headed hydra
 14361 | Lair:1   | Killed a six-headed hydra
 15525 | Lair:2   | Identified the +0 pair of boots "Igeefes" {Str+5}
 15578 | Lair:3   | Found a staircase to the Snake Pit.
 15717 | Lair:3   | Found a sacrificial altar of Ru.
 15907 | Lair:3   | Found a staircase to the Swamp.
 16783 | Lair:4   | Reached skill level 10 in Evocations
 17378 | Lair:4   | Reached XP level 13. HP: 91/124 MP: 18/18
 17672 | Lair:4   | Noticed Snorg
 17676 | Lair:4   | Killed Snorg
 18568 | Lair:5   | HP: 4/124 [eight-headed hydra (6)]
 18568 | Lair:5   | Mangled by an eight-headed hydra

Illustrated notes

Levels and vault maps discovered:
D:1:      amcnicky_arrival_feature_with_door, layout_loops_cross,
          basic_ecumenical_altar
D:2:      layout_rooms
D:3:      layout_basic, nicolae_ru_sacrificial_ziggurat, uniq_robin,
          uniq_jessica
D:4:      layout_rooms
D:5:      layout_rooms, mainiacjoe_overflow_alcove_4, serial_shops, shop,
          corexii_shack, abandoned_shop, uniq_prince_ribbit1
D:6:      layout_loops_ring
D:7:      layout_loops_ring, minmay_temple_entry_trees, kennysheep_crisscross
D:8:      layout_loops_ring, mainiacjoe_overflow_alcove_1,
          makhleb_blood_cavern_becter
D:9:      layout_stronghold, mainiacjoe_overflow_small_starburst,
          grunt_decor_resistance
D:10:     layout_rooms, fedhas_ov_isle_minmay,
          nicolae_overflow_hallway_of_the_gods, erik_orc_1, serial_shops, shop,
          uniq_sonja, uniq_nergalle, uniq_erica
D:11:     layout_roguey, lair_entry_dummy, nicolae_trove_entry_path_of_doom,
          minmay_misc_feat_enclosed
D:12:     layout_loops_ring, serial_rivers, chequers_serial_rivers_micro_b,
          chequers_serial_rivers_large_a, chequers_serial_rivers_micro_c,
          chequers_serial_rivers_micro_a, uniq_maurice
Lair:1:   layout_cave_pods
Lair:2:   layout_chaotic_city, lemuel_fruit_tree, grunt_megastairs_2
Lair:3:   layout_gridlike, swamp_mist_pool, dummy_snake_entry,
          lemuel_centaur_altar, serial_bayou_shore_b
Lair:4:   layout_hall_layers, lemuel_fruit_fields, uniq_snorg
Lair:5:   layout_long_grid

Skill      XL: |  1  2  3  4  5  6  7  8  9 10 11 12 13 |
---------------+----------------------------------------+-----
Fighting       | 4 5 8 11 14 | 14.0
Shields        | 4 6 |  6.0
Armour         | 4 5 7 9 |  9.0
Invocations    | 3 5 7 8 |  8.0
Dodging        | 3 |  3.0
Evocations     | 4 6 8 10 11 | 11.2
Short Blades   | 7 |  7.3
Throwing       | 1 8 |  8.0
Axes           | |  2.4

Action                   |  1- 3 |  4- 6 |  7- 9 | 10-12 | 13-15 || total
-------------------------+-------+-------+-------+-------+-------++-------
Melee: War axe           |    81 |       |    36 |   353 |    29 ||   499
       Headbutt          |     9 |    18 |    56 |   103 |     8 ||   194
       Dagger            |     4 |   116 |   186 |    67 |       ||   373
       Kick              |       |       |       |    62 |       ||    62
Throw: Throwing net      |       |       |     1 |       |       ||     1
       Dart              |       |       |       |     9 |    10 ||    19
       Javelin           |       |       |       |    33 |     5 ||    38
Invok: Upheaval          |       |     1 |     6 |    25 |    10 ||    42
Evoke: Wand              |       |       |       |    14 |     2 ||    16
  Use: Potion            |       |     1 |       |     1 |       ||     2
       Scroll            |       |       |    13 |    10 |     2 ||    25
 Stab: Held in net/web   |       |       |     2 |       |       ||     2
       Paralysed         |       |       |       |     6 |       ||     6
Armor: Scale mail        |    29 |    38 |    10 |       |       ||    77
       Plate armour      |       |       |    92 |   227 |    38 ||   357
Dodge: Dodged            |    43 |    42 |    58 |   132 |    26 ||   301
Block: Buckler           |    23 |    49 |   126 |   313 |       ||   511
       Reflection        |       |       |       |    15 |       ||    15
       Orb               |       |       |       |    48 |    23 ||    71

Table legend: (Time is in decaauts)
 A = Elapsed time spent in this place.
 B = Non-inter-level travel time spent in this place.
 C = Inter-level travel time spent in this place.
 D = Time resting spent in this place.
 E = Time spent auto-exploring this place.
 F = Levels seen in this place.
 G = Mean time per level.
                   A        B        C        D        E       F      G
               +--------+--------+--------+--------+--------+-----+--------+
         Total |  18797 |  18145 |    652 |   1212 |  14651 |  17 | 1105.7 |
       Dungeon |  12805 |  12351 |    454 |    770 |   9890 |  12 | 1067.1 |
          Lair |   5992 |   5794 |    198 |    442 |   4761 |   5 | 1198.4 |
               +--------+--------+--------+--------+--------+-----+--------+

Top non-repeatable levels by time:
    D:10: 2080 daAuts
    D:11: 1849 daAuts
  Lair:1: 1780 daAuts
     D:9: 1690 daAuts
  Lair:4: 1529 daAuts
     D:8: 1393 daAuts
     D:7: 1387 daAuts
  Lair:2: 1165 daAuts
     D:1: 1142 daAuts
  Lair:3: 1066 daAuts
     D:3: 827 daAuts
     D:5: 607 daAuts
     D:6: 589 daAuts
     D:4: 553 daAuts
     D:2: 547 daAuts
